 Dungeon Crawl Stone Soup version 0.20.1-1-g8b1a95d (webtiles) character file.

607 Irenicus the Martial Artist (level 7, 0/46 HPs)
             Began as an Octopode Chaos Knight on Oct 19, 2017.
             Slain by an orc
             ... wielding a +0 war axe
              (2 damage)
             ... on level 5 of the Dungeon.
             The game lasted 00:06:10 (3073 turns).

Irenicus the Martial Artist (Octopode Chaos Knight) Turns: 3073, Time: 00:06:12

Health: 0/46       AC:  1    Str: 11    XL:     7   Next: 43%
Magic:  7/7        EV: 13    Int: 15    God:    Xom [..*...]
Gold:   202        SH:  0    Dex: 13    Spells: 6/6 levels left

rFire    . . .     SeeInvis .     - Unarmed
rCold    . . .     Gourm    .   (no shield)
rNeg     . . .     Faith    .   (helmet restricted)
rPois    .         Spirit   .   (no amulet)
rElec    .         Reflect  .   (no ring)
rCorr    .         Harm     .   (no ring)
MR       .....                  (no ring)
Stlth    ++........             (no ring)
Regen    0.2/turn               (no ring)
MPRegen  0.1/turn               (no ring)
                                (no ring)
                                (no ring)

@: flying
A: almost no armour, stealthy swim, amphibious, 8 rings, constrict 8, camouflage
1, gelatinous body 1
a: Renounce Religion


You were on level 5 of the Dungeon.
You worshipped Xom.
You were a toy of Xom.
You were not hungry.

You visited 1 branch of the dungeon, and saw 5 of its levels.

You collected 202 gold pieces.

Inventory:

Wands
 q - a wand of confusion (20/48)
 t - a wand of polymorph (7/24)
Scrolls
 c - a scroll of blinking {unknown}
 d - 3 scrolls of teleportation
 e - a scroll of fog {unknown}
 f - 2 scrolls of enchant weapon {unknown}
 g - 5 scrolls of identify {unknown}
 h - a scroll of noise {unknown}
 i - 3 scrolls of amnesia {unknown}
 k - a scroll of fear {unknown}
 l - 2 scrolls of recharging {unknown}
 n - 2 scrolls of enchant armour {unknown}
Potions
 b - 2 potions of brilliance
 j - 2 potions of curing
 p - a potion of haste
 r - a potion of berserk rage {unknown}
Comestibles
 a - 3 bread rations
 m - a meat ration
 s - 2 chunks of flesh


   Skills:
 - Level 3.0 Fighting
 - Level 2.3 Dodging
 + Level 8.4 Unarmed Combat
 + Level 0.2 Evocations


You had 6 spell levels left.
You didn't know any spells.

Dungeon Overview and Level Annotations

Branches:
Dungeon (5/15)
 Temple: D:4-7

Altars:
Dithmenos
Gozag
Nemelex Xobeh
Qazlal
Trog

Annotations:
D:3 Monsterracer's ghost, amateur HOTm


Innate Abilities, Weirdness & Mutations

You cannot wear most types of armour.
You are very stealthy in the water. (Stealth+)
You are amphibious.
You can wear up to eight rings at the same time.
You can use your tentacles to constrict eight enemies at once.
Your skin changes colour to match your surroundings (Stealth+).
Your rubbery body absorbs attacks. (AC +1, EV +1)


Message History

The orc hits you but does no damage.
You tentacle-slap the orc. Your grab misses the orc.
You tentacle-slap the orc, but do no damage.
The orc is severely wounded.
You constrict the orc priest.
The orc throws a tomahawk.
The tomahawk misses you. The orc hits you with a war axe!
The orc priest hits you with a war axe. The orc closely misses you.
You bludgeon the orc!
You kill the orc!
You constrict the orc priest. The orc barely misses you.
The orc priest hits you with a war axe!
* * * LOW HITPOINT WARNING * * *
It was a potion of flight.
You feel very buoyant.
You fly up into the air.
Xom thinks this is hilarious!
You constrict the orc priest. The orc closely misses you.
The orc hits you with a war axe.
You die... "It's all fun and games until someone loses an eye."

.# .# .############
.............
.##.......#
.##.......#############
......)...............#
.##.......#####§§...#.
.##.......# #§@o..#
.#######†.# #§oo..# .#
##.# #.....# .#
####.#####.....# ##
##.......##.....#
#.........#######
#...........#
#....###....#
#...##y##...#


You could see an orc priest and 2 orcs.

Vanquished Creatures
  2 ogres (D:5)
  A scorpion (D:5)
  A howler monkey (D:4)
  5 hounds
  Ijyb (D:4)
  2 iguanas (D:4)
  2 worker ants (D:4)
  4 adders
  An ooze (D:2)
  3 worms
  A dart slug (D:1)
  5 orcs
  4 giant cockroaches (D:2)
  4 hobgoblins
  10 jackals
  7 kobolds
  A quokka (D:4)
  4 bats
  5 frilled lizards
  2 goblins
  9 rats
74 creatures vanquished.

Notes
Turn   | Place    | Note
-------+----------+-------------------------------------------
     0 | D:1      | Irenicus the Octopode Chaos Knight began the quest for the Orb.
     0 | D:1      | Reached XP level 1. HP: 16/16 MP: 1/1
   116 | D:1      | XOM: silly message
   220 | D:1      | Reached XP level 2. HP: 15/21 MP: 2/2
   728 | D:2      | Reached skill level 4 in Unarmed Combat
   728 | D:2      | Reached XP level 3. HP: 24/26 MP: 3/3
   852 | D:2      | XOM: divination: magic mapping
   878 | D:2      | XOM: divination: detect items
   954 | D:2      | Reached XP level 4. HP: 3/31 MP: 4/4
  1395 | D:3      | XOM: divination: detect items
  1405 | D:3      | Reached skill level 5 in Unarmed Combat
  1437 | D:3      | Noticed Monsterracer's ghost (amateur HOTm)
  1455 | D:3      | XOM: potion effect (curing)
  1666 | D:3      | XOM: butterfly on damage
  1701 | D:4      | XOM: harmless Air miscast
  1928 | D:4      | Reached XP level 5. HP: 36/36 MP: 5/5
  1965 | D:4      | Found an opulent altar of Gozag.
  2093 | D:4      | Reached skill level 6 in Unarmed Combat
  2097 | D:4      | HP: 1/36 [hound (2)]
  2103 | D:4      | Reached XP level 6. HP: 3/42 MP: 6/6
  2166 | D:4      | Noticed Ijyb
  2375 | D:4      | Found a stormy altar of Qazlal.
  2472 | D:4      | XOM: butterfly on damage
  2473 | D:4      | XOM: divination: magic mapping
  2485 | D:4      | Found a shadowy altar of Dithmenos.
  2545 | D:4      | XOM: smoke on damage
  2548 | D:4      | XOM: noise
  2551 | D:4      | Killed Ijyb
  2551 | D:4      | Reached skill level 7 in Unarmed Combat
  2591 | D:4      | XOM: noise
  2686 | D:5      | Entered Level 5 of the Dungeon
  2718 | D:5      | Found a sparkling altar of Nemelex Xobeh.
  2725 | D:5      | XOM: enchant monster (bad)
  2727 | D:5      | XOM: harmless Ice miscast
  2733 | D:5      | Reached XP level 7. HP: 27/46 MP: 7/7
  2750 | D:5      | Reached skill level 8 in Unarmed Combat
  2769 | D:5      | XOM: medium Pois miscast
  3031 | D:5      | Noticed a moth of wrath
  3034 | D:5      | Found a bloodstained altar of Trog.
  3066 | D:5      | XOM: smoke on damage
  3072 | D:5      | HP: 2/46 [orc priest/war axe (14)]
  3073 | D:5      | Slain by an orc

Skill      XL: |  1  2  3  4  5  6  7 |
---------------+----------------------+-----
Unarmed Combat | 4 5 6 7 8 |  8.4
Fighting       | |  3.0
Dodging        | |  2.3
Evocations     | |  0.2

Action                   |  1- 3 |  4- 6 |  7- 9 || total
-------------------------+-------+-------+-------++-------
Melee: Unarmed           |    80 |   121 |    24 ||   225
       Constrict         |    20 |    24 |     3 ||    47
       Tentacles         |    11 |    15 |     4 ||    30
       Punch             |     1 |     5 |     4 ||    10
Evoke: Wand              |       |     1 |     3 ||     4
  Use: Potion            |       |     7 |     1 ||     8
       Scroll            |       |     1 |       ||     1
 Stab: Sleeping          |     4 |     1 |       ||     5
       Confused          |       |       |     2 ||     2
  Eat: Chunk             |       |     6 |     1 ||     7
Armor: Skin              |     9 |     6 |     2 ||    17
Dodge: Dodged            |    60 |    80 |    12 ||   152
